 Dungeon Crawl Stone Soup version 0.25.1-2-g60ff931df9 (webtiles) character file.

Game seed: 12235026913848677842

1329 Strunz the Fighter (level 8, -1/66 HPs)
             Began as a Hill Orc Necromancer on Aug 22, 2020.
             Was a Believer of Hepliaklqana.
             Slain by an orc warrior
             ... wielding a +0 trident
              (14 damage)
             ... on level 6 of the Dungeon.
             The game lasted 00:40:12 (6581 turns).

Strunz the Fighter (Hill Orc Necromancer)           Turns: 6581, Time: 00:40:13

Health: -1/66      AC:  4    Str: 13    XL:     8   Next: 60%
Magic:  7/10       EV: 14    Int: 15    God:    Hepliaklqana [**....]
Gold:   52         SH:  0    Dex: 17    Spells: 5/10 levels left

rFire    . . .     SeeInvis +   w - +0 whip (elec)
rCold    . . .     Gourm    .   (no shield)
rNeg     . . .     Faith    .   a - +0 robe
rPois    .         Spirit   .   g - +1 hat
rElec    .         Reflect  .   (no cloak)
rCorr    .         Harm     .   (no gloves)
MR       .....                  s - +0 pair of boots
Stlth    +++.......             (no amulet)
HPRegen  0.21/turn              k - +6 ring of dexterity
MPRegen  0.12/turn              f - ring of see invisible

@: no status effects
A: reduced essence
a: Ancestor Life: Knight, Ancestor Life: Battlemage, Ancestor Life: Hexer,
Recall Ancestor, Ancestor Identity, Renounce Religion, Convert to Beogh


You were on level 6 of the Dungeon.
You worshipped Hepliaklqana.
Hepliaklqana was pleased with you.
You were not hungry.

You visited 1 branch of the dungeon, and saw 6 of its levels.

You collected 164 gold pieces.
You spent 112 gold pieces at shops.

Inventory:

Hand Weapons
 b - a +2 dagger of speed
 w - a +0 whip of electrocution (weapon)
Missiles
 h - 256 stones
 m - 27 sling bullets
 n - 116 arrows
 u - 25 bolts
 x - 2 silver javelins (quivered)
 y - 2 boomerangs
 B - a throwing net
Armour
 a - a +0 robe (worn)
 g - a +1 hat (worn)
 s - a +0 pair of boots (worn)
Jewellery
 f - a ring of see invisible (right hand)
 k - a +6 ring of dexterity (left hand)
Scrolls
 d - 2 scrolls of enchant weapon
 i - a scroll of identify
 j - 3 scrolls of blinking
 p - 4 scrolls of remove curse
 q - a scroll of random uselessness {unknown}
 z - 3 scrolls of teleportation
 A - a scroll of magic mapping {unknown}
 E - a scroll of vulnerability {unknown}
Potions
 e - a potion of might
 l - a potion of mutation
 o - 2 potions of curing
 t - 2 potions of brilliance
 v - a potion of magic
 C - a potion of lignification
Comestibles
 c - 5 rations
 r - 4 chunks of flesh


   Skills:
 * Level 8.1 Fighting
 + Level 4.1 Dodging
 + Level 3.3 Stealth
 - Level 1.5 Spellcasting
 + Level 6.2 Necromancy


You had 5 spell levels left.
You knew the following spells:

 Your Spells              Type           Power        Failure   Level  Hunger
a - Pain                  Necr           ###.         1%          1    ##.....
b - Animate Skeleton      Necr           N/A          1%          1    ##.....
c - Vampiric Draining     Necr           ###.......   5%          3    ####...

Your spell library contained the following spells:

 Spells                   Type           Power        Failure   Level  Hunger
 Animate Dead             Necr           N/A          17%         4    #####..
 Agony                    Necr           ###.....     43%         5    ######.


Dungeon Overview and Level Annotations

Branches:
Dungeon (6/15)
 Temple: D:4-7

Altars:
Hepliaklqana
Qazlal

Shops:
D:4 ?

Annotations:
D:5 exclusion: downstairs
D:6 2 transporters, 123456's ghost, novice CeAM; Dowan; Duvessa


Message History

The orc warrior writhes in agony!
Your hound skeleton bites the orc priest but does no damage.
The orc warrior hits you from afar with a +0 trident!!
The orc priest shouts, "Beogh is our master!
Accept the truth or die!"
You hear a shout!
You barely miss the orc priest.
The orc priest is lightly wounded.
You hear an angry growl.
Your hound skeleton bites the orc priest but does no damage.
The orc priest hits you but does no damage.
Orca closely misses the orc warrior.
The orc warrior hits you from afar with a +0 trident!
You hit the orc priest but do no damage.
Your hound skeleton barely misses the orc priest.
The orc priest mumbles some strange prayers to Beogh against you.
Pain shoots through your body!
* * * LOW HITPOINT WARNING * * *
Orca hits the orc warrior but does no damage.
The orc warrior hits you from afar with a +0 trident!
You die...

#e###.## #.......####
...5e..########..........
#.###.......# #.Z........
#.# ##e####.# #......>...
... #.oe<# ##..........
...# #..#...##..###o.....
o..# #..#...##.#ZRo#.....
.o.# #..#...##.#.o###....
...+ ...#......#@#.# #...
...####.######..###:# #..
#.. ....# #o# #. ###
####.# #.. #.# #.# #..
#.. #.


You could see the friendly Orca the ancestor, an orc warrior, an orc priest, an
orc and a friendly hound skeleton.

Vanquished Creatures
  2 slaves (D:6)
  3 hounds
  2 bullfrog skeletons
  2 iguanas (D:4)
  An orc wizard (D:3)
  2 worker ants
  2 hound skeletons (D:4)
  5 adders
  2 oozes
  A worm (D:2)
  2 dart slugs (D:1)
  2 leopard geckos (D:1)
  7 orcs
  2 ball pythons
  5 giant cockroaches
  3 goblins
  9 hobgoblins
  7 jackals
  5 bats
  7 frilled lizards
  10 kobolds
  A quokka skeleton (D:4)
  6 rats
88 creatures vanquished.

Vanquished Creatures (collateral kills)
  Pikel (D:6)
  A phantom (D:5)
  A centaur (D:5)
  A bullfrog (D:6)
  A scorpion (D:5)
  A crimson imp (D:6)
  A centaur zombie (D:5)
  An iguana (D:4)
  3 worker ants
  2 adder skeletons
  A worm (D:4)
  A dart slug (D:2)
  2 orcs (D:4)
  4 bats (D:1)
  3 jackals
  A quokka (D:5)
  A ball python skeleton (D:6)
26 creatures vanquished.

Vanquished Creatures (others)
  Menkaure (D:6)
  A slave (D:6)
  A howler monkey (D:6)
  2 ancestors (D:6)
  An adder (D:6)
  A shadow imp (D:6)
7 creatures vanquished.

Grand Total: 121 creatures vanquished

Notes
Turn   | Place    | Note
-------+----------+-------------------------------------------
     0 | D:1      | Strunz the Hill Orc Necromancer began the quest for the
                  | Orb.
     0 | D:1      | Reached XP level 1. HP: 14/14 MP: 3/3
     2 | D:1      | Learned a level 1 spell: Animate Skeleton
   173 | D:1      | Reached skill level 1 in Fighting
   174 | D:1      | Reached XP level 2. HP: 23/23 MP: 2/4
   486 | D:1      | Reached skill level 2 in Fighting
   496 | D:1      | Reached XP level 3. HP: 25/29 MP: 2/5
  1473 | D:2      | Found a stormy altar of Qazlal.
  1553 | D:2      | Reached XP level 4. HP: 30/37 MP: 3/6
  1806 | D:2      | Reached skill level 3 in Fighting
  2549 | D:3      | Learned a level 3 spell: Vampiric Draining
  2864 | D:3      | Found a hazy altar of Hepliaklqana.
  2874 | D:3      | Became a worshipper of Hepliaklqana the Forgotten
  2996 | D:3      | Reached XP level 5. HP: 41/41 MP: 5/7
  3500 | D:4      | Reached skill level 4 in Fighting
  3915 | D:4      | Reached XP level 6. HP: 44/47 MP: 2/8
  3963 | D:4      | Reached * piety under Hepliaklqana
  4075 | D:4      | Found Pozixyga's Magic Scroll Shoppe.
  4083 | D:4      | Bought a scroll of identify for 28 gold pieces
  4083 | D:4      | Bought a scroll of teleportation for 42 gold pieces
  4083 | D:4      | Bought a scroll of remove curse for 42 gold pieces
  4147 | D:4      | Reached skill level 5 in Fighting
  4147 | D:4      | Reached skill level 5 in Necromancy
  4508 | D:5      | Entered Level 5 of the Dungeon
  4715 | D:5      | Noticed a phantom
  4749 | D:5      | Killed a phantom
  4749 | D:5      | Reached XP level 7. HP: 44/55 MP: 9/9
  4789 | D:5      | Reached skill level 6 in Fighting
  5316 | D:5      | Reached ** piety under Hepliaklqana
  5716 | D:6      | Found a transporter.
  5722 | D:6      | Noticed 123456's ghost (novice CeAM)
  5733 | D:6      | Noticed Dowan
  5733 | D:6      | Noticed Duvessa
  5894 | D:6      | Noticed Pikel
  5926 | D:6      | Killed Pikel
  5926 | D:6      | Reached skill level 7 in Fighting
  5926 | D:6      | Reached XP level 8. HP: 32/66 MP: 4/10
  6109 | D:6      | Noticed Menkaure
  6140 | D:6      | Killed Menkaure
  6260 | D:6      | Reached skill level 8 in Fighting
  6553 | D:6      | Found a transporter.
  6581 | D:6      | Slain by an orc warrior

Illustrated notes

Levels and vault maps discovered:
D:1:      dpeg_arrival_tiny_h, layout_rooms, minmay_misc_feat_iff
D:2:      layout_basic, first_ration, minmay_hedge_maze,
          nicolae_qazlal_general_emergency
D:3:      layout_basic, nicolae_overflow_crystal_walls
D:4:      layout_basic, serial_shops, shop
D:5:      layout_gridville
D:6:      layout_basic, gammafunk_ghost_arena, minmay_manual_mail, uniq_duvessa,
          uniq_menkaure, uniq_pikel

Skill      XL: |  1  2  3  4  5  6  7  8 |
---------------+-------------------------+-----
Fighting       | 1 2 3 4 5 7 8 |  8.1
Stealth        | 2 3 |  3.3
Dodging        | 2 3 4 |  4.1
Necromancy     | 5 6 |  6.2
Spellcasting   | |  1.5

Action                   |  1- 3 |  4- 6 |  7- 9 || total
-------------------------+-------+-------+-------++-------
Melee: Dagger            |    79 |   104 |    66 ||   249
       Whip              |       |       |    23 ||    23
Throw: Stone             |     8 |    13 |     1 ||    22
       Javelin           |       |     9 |     3 ||    12
 Cast: Pain              |    38 |    39 |    29 ||   106
       Animate Skeleton  |    18 |    17 |     3 ||    38
Invok: Ancestor Identity |       |     1 |       ||     1
  Use: Scroll            |       |     5 |     4 ||     9
       Potion            |       |       |     4 ||     4
 Stab: Sleeping          |     1 |     3 |     3 ||     7
       Distracted        |     1 |     2 |     2 ||     5
  Eat: Chunk             |     3 |    11 |     4 ||    18
       Ration            |       |       |     1 ||     1
Armor: Robe              |    25 |    18 |    10 ||    53
Dodge: Dodged            |    47 |    47 |    45 ||   139
